 Dungeon Sprint DCSS version 0.30.1-9-gdf580d7c3d (webtiles) character file.

Game seed: 8790075958917179860

478 Heoruswealwe the Spear-Bearer (level 6, 0/64 HPs)
             Began as a Minotaur Fighter on Sept 29, 2023.
             Slain by a hornet (2 damage)
             ... in the Dungeon (Sprint IX: "|||||||||||||||||||||||||||||").
             The game lasted 00:01:12 (128 turns).

Heoruswealwe the Spear-Bearer (Minotaur Fighter)     Turns: 128, Time: 00:01:13

Health: 0/64       AC:  8    Str: 22    XL:     6   Next: 86%
Magic:  5/5        EV:  9    Int:  5    God:
Gold:   0          SH:  4    Dex: 10    Spells: 5/5 levels left

rFire   . . .        a - +0 trident
rCold   . . .        d - +0 buckler
rNeg    . . .        c - +0 scale mail
rPois   .            (helmet restricted)
rElec   .            (no cloak)
rCorr   .            (no gloves)
SInv    .            (no boots)
Will    .....        (no amulet) Stlth
                     (no ring)
HPRegen 0.30/turn    (no ring)
MPRegen 0.09/turn

%: no teleportation
@: no status effects
A: horns 2, retaliatory headbutt
a: no special abilities


You were in the Dungeon.
You visited 1 branch

Inventory:

Hand Weapons
 a - a +0 trident (weapon)
Armour
 c - a +0 scale mail (worn)
 d - a +0 buckler (worn)
Jewellery
 m - a +2 ring of evasion
 n - a +3 ring of intelligence
Wands
 l - a wand of roots (10)
Scrolls
 j - 2 scrolls of blinking
 k - 2 scrolls of amnesia
Potions
 b - a potion of might
 e - 5 potions of curing
 f - 3 potions of heal wounds
 g - a potion of haste
 h - a potion of invisibility
 i - a potion of berserk rage


   Skills:
 + Level 9.6 Fighting
 * Level 12.6 Polearms
 + Level 9.5 Armour
 - Level 3.6 Shields


You had 5 spell levels left.
You didn't know any spells.
Your spell library was empty.

Dungeon Overview and Level Annotations

Branches:
Dungeon (1/1)

Altars:
Cheibriados
Dithmenos
Elyvilon
Fedhas
Gozag
Hepliaklqana
Kikubaaqudgha
Makhleb
Nemelex Xobeh
Okawaru
Qazlal
Ru
Sif Muna
Trog
Uskayaw
Vehumet
Wu Jian
Xom
Yredelemnul
Zin
The Shining One
Jiyva
Lugonu


Innate Abilities, Weirdness & Mutations

You have a pair of horns on your head.
You reflexively headbutt those who attack you in melee.


Message History

The yak is lightly wounded.
The yak gores you but does no damage.
You puncture the yak!
The yak is moderately wounded.
The yak gores you!
You hit the yak.
The yak is heavily wounded.
You hit the yak but do no damage. You headbutt the yak, but do no damage.
The yak is heavily wounded.
The yak gores you.
You hit the yak but do no damage.
The yak is heavily wounded.
The yak gores you!
You barely miss the yak.
The yak is heavily wounded.
The yak gores you!
* * * LOW HITPOINT WARNING * * *
You completely miss the yak.
The yak is heavily wounded.
You hit the yak but do no damage.
The yak is heavily wounded.
The yak completely misses you.
You barely miss the yak.
The yak is heavily wounded.
The yak gores you!
* * * LOW HITPOINT WARNING * * *
You hit the yak. You headbutt the yak.
The yak is severely wounded.
You puncture the yak! You headbutt the yak, but do no damage.
The yak is almost dead.
The yak barely misses you.
You barely miss the yak. You headbutt the yak.
You kill the yak!
Your Fighting skill increases to level 9!
Your Polearms skill increases to level 12!
Your Armour skill increases to level 9!
You hit the hornet.
The hornet is lightly wounded.
The hornet stings you.
You die...

▓.▓
▓.▓
▓{▓
▓Y▓
▓.▓
▓{▓
▓y▓
▓@▓
▓.▓
▓[▓
▓[▓
▓[▓
▓.▓
▓)▓
▓.▓
▓!▓


You could see a yak and a hornet.

Vanquished Creatures
  2 yaks (D)
  2 scorpions (D)
  A hound (D)
  An iguana (D)
  An adder (D)
  An endoplasm (D)
  A goblin (D)
  A quokka (D)
  A frilled lizard (D)
  A kobold (D)
12 creatures vanquished.

Notes
Turn   | Place    | Note
-------+----------+-------------------------------------------
     0 | D        | Heoruswealwe the Minotaur Fighter began the quest for the
                  | Orb.
     0 | D        | Reached XP level 1. HP: 19/19 MP: 0/0
     6 | D        | Reached skill level 3 in Polearms
    26 | D        | Noticed an iguana
    26 | D        | Noticed a hound
    26 | D        | Noticed a scorpion
    26 | D        | Noticed a scorpion
    31 | D        | Killed a scorpion
    32 | D        | Reached skill level 5 in Fighting
    32 | D        | Reached skill level 6 in Polearms
    32 | D        | Reached skill level 5 in Armour
    32 | D        | Reached XP level 2. HP: 25/30 MP: 1/1
    32 | D        | Reached XP level 3. HP: 31/37 MP: 2/2
    34 | D        | Killed a scorpion
    35 | D        | Reached skill level 8 in Polearms
    35 | D        | Reached XP level 4. HP: 39/45 MP: 3/3
    40 | D        | Reached skill level 9 in Polearms
    40 | D        | Reached XP level 5. HP: 45/52 MP: 4/4
    64 | D        | Found a snail-covered altar of Cheibriados.
    64 | D        | Found a shadowy altar of Dithmenos.
    64 | D        | Found a white marble altar of Elyvilon.
    64 | D        | Found a blossoming altar of Fedhas.
    64 | D        | Found an opulent altar of Gozag.
    65 | D        | Found a hazy altar of Hepliaklqana.
    66 | D        | Found a viscous altar of Jiyva.
    67 | D        | Found an ancient bone altar of Kikubaaqudgha.
    68 | D        | Found a corrupted altar of Lugonu.
    69 | D        | Found a burning altar of Makhleb.
    70 | D        | Found a sparkling altar of Nemelex Xobeh.
    71 | D        | Found an iron altar of Okawaru.
    72 | D        | Found a stormy altar of Qazlal.
    73 | D        | Found a sacrificial altar of Ru.
    74 | D        | Found a shimmering blue altar of Sif Muna.
    75 | D        | Found a bloodstained altar of Trog.
    76 | D        | Found a hide-covered altar of Uskayaw.
    77 | D        | Found a radiant altar of Vehumet.
    78 | D        | Found an ornate altar of the Wu Jian Council.
    79 | D        | Found a shimmering altar of Xom.
    80 | D        | Found a basalt altar of Yredelemnul.
    81 | D        | Found a glowing silver altar of Zin.
    82 | D        | Found a glowing golden altar of the Shining One.
   106 | D        | Noticed a vampire
   106 | D        | Noticed a yak
   106 | D        | Noticed a shadow
   106 | D        | Noticed a hornet
   106 | D        | Noticed a yak
   106 | D        | Noticed a yak
   115 | D        | Killed a yak
   116 | D        | Reached skill level 11 in Polearms
   116 | D        | Reached XP level 6. HP: 40/62 MP: 5/5
   124 | D        | HP: 1/62 [yak (8)]
   127 | D        | Killed a yak
   128 | D        | Reached skill level 12 in Polearms
   128 | D        | Slain by a hornet

Illustrated notes

Levels and vault maps discovered:
D:        linesprint [early_d, line_temple, items_1, d_10, items_2, lair_1,
          lair_end, items_3, orc_1, orc_end, items_4, d_15, swamp_1, shoals_1,
          snake_1, spider_1, d_20, vaults_1, items_5, swamp_end, shoals_end,
          snake_end, spider_end, vaults_end, d_27, items_6, zot_1, zot_end,
          crypt_end, forest_end, elf_end, slime_end, tomb_end, abyss_end,
          pan_hell_end]

Skill      XL: |  1  2  3  4  5  6 |
---------------+-------------------+-----
Polearms       | 6 8 9 11 12 | 12.6
Fighting       | 5 6 7 8 9 |  9.6
Armour         | 5 6 7 8 9 |  9.5
Shields        | |  3.6

Action                     |  1- 3 |  4- 6 || total
---------------------------+-------+-------++-------
  Melee: Trident           |    23 |    45 ||    68
         Headbutt          |     1 |     8 ||     9
 Armour: Scale mail        |     9 |    15 ||    24
  Dodge: Dodged            |     8 |    10 ||    18
  Block: Buckler           |     3 |     4 ||     7
